[Event "Reykjavik Open2015"]
[Site "Harpa"]
[Date "2015.03.10"]
[Round "1.2"]
[White "Bergsson, Stefan"]
[Black "Navara, David"]
[Result "0-1"]
[ECO "B94"]
[WhiteElo "2063"]
[BlackElo "2736"]
[PlyCount "72"]
[EventDate "2015.??.??"]
[TimeControl "5400+980"]
[WhiteClock "0:42:39"]
[BlackClock "0:57:44"]

1. e4 c5 2. Nf3 d6 3. d4 cxd4 4. Nxd4 Nf6 5. Nc3 a6 6. Bg5 Nbd7 7. f4 h6 8. Bh4
Qb6 9. Qd2 e5 10. Nb3 exf4 11. Bf2 Qc7 12. O-O-O Ne5 13. Qxf4 Be7 14. Kb1 b5
15. Nd5 Nxd5 16. exd5 O-O 17. Bd3 Bg4 18. Rdf1 Bg5 19. Qd4 Rac8 20. h3 Be2 21.
Bh7+ Kxh7 22. Qe4+ Kg8 23. Qxe2 Nc4 24. Bd4 Nd2+ 25. Nxd2 Qxc2+ 26. Ka1 Qxd2
27. Qxd2 Bxd2 28. Rf2 Bb4 29. Rhf1 Rc4 30. Bb6 Rb8 31. Be3 Re8 32. Bd2 Bxd2 33.
Rxd2 Re5 34. Kb1 f5 35. b3 Rc5 36. Rfd1 Kf7 0-1

[Event "Reykjavik Open2015"]
[Site "Harpa"]
[Date "2015.03.10"]
[Round "1.3"]
[White "Eljanov, Pavel"]
[Black "Eijk, Yuri"]
[Result "1-0"]
[ECO "E97"]
[WhiteElo "2727"]
[BlackElo "2062"]
[PlyCount "49"]
[EventDate "2015.??.??"]
[TimeControl "6000+1460"]
[WhiteClock "1:01:59"]
[BlackClock "0:03:05"]

1. c4 Nf6 2. Nc3 g6 3. e4 d6 4. d4 Bg7 5. Nf3 O-O 6. Be2 e5 7. O-O Nc6 8. d5
Ne7 9. b4 Nh5 10. Re1 f5 11. Ng5 Nf6 12. f3 a5 13. b5 Ne8 14. Qb3 b6 15. Rd1 f4
16. Ne6 Bxe6 17. dxe6 Qc8 18. Nd5 Bf6 19. a4 Ng7 20. c5 bxc5 21. Bc4 Ra7 22. b6
cxb6 23. Nxf6+ Rxf6 24. Qxb6 Ne8 25. Qxa7 1-0

[Event "Reykjavik Open2015"]
[Site "Harpa"]
[Date "2015.03.10"]
[Round "1.6"]
[White "Benet Morant, Damia"]
[Black "Hammer, Jon Ludvig"]
[Result "1/2-1/2"]
[ECO "A49"]
[WhiteElo "2044"]
[BlackElo "2651"]
[PlyCount "83"]
[EventDate "2015.??.??"]
[TimeControl "6000+1810"]
[WhiteClock "0:27:27"]
[BlackClock "0:31:40"]

1. d4 Nf6 2. Nf3 g6 3. g3 Bg7 4. Bg2 d5 5. O-O O-O 6. b3 Ne4 7. Bb2 c5 8. Qc1
cxd4 9. Bxd4 Bxd4 10. Nxd4 Qb6 11. Qb2 Rd8 12. e3 Nf6 13. Nd2 Nc6 14. N2f3 Nxd4
15. Nxd4 Bd7 16. Qa3 e5 17. Nf3 Qe6 18. Rac1 Bc6 19. Ng5 Qf5 20. h4 e4 21. Qb2
Nd7 22. f3 Qe5 23. Qxe5 Nxe5 24. fxe4 d4 25. exd4 Rxd4 26. Nf3 Nxf3+ 27. Bxf3
Re8 28. Rcd1 Rxd1 29. Rxd1 f5 30. Bh1 fxe4 31. Kf2 g5 32. Ke3 Kg7 33. Rd6 gxh4
34. gxh4 Re5 35. Rd4 Kh6 36. Bxe4 Kh5 37. Kf4 Rxe4+ 38. Rxe4 Bxe4 39. Kxe4 Kxh4
40. Kf4 Kh5 41. Kf5 Kh4 42. Ke4 1/2-1/2

[Event "Reykjavik Open2015"]
[Site "Harpa"]
[Date "2015.03.10"]
[Round "1.9"]
[White "Naroditsky, Daniel"]
[Black "Knutsson, Larus"]
[Result "1-0"]
[ECO "D11"]
[WhiteElo "2633"]
[BlackElo "2039"]
[PlyCount "101"]
[EventDate "2015.??.??"]
[TimeControl "6000+950"]
[WhiteClock "0:20:27"]
[BlackClock "1:11:57"]

1. d4 d5 2. c4 c6 3. Nf3 Nf6 4. g3 h6 5. Nc3 Bf5 6. Bg2 e6 7. O-O Be7 8. Nd2
O-O 9. e4 Nxe4 10. Ndxe4 dxe4 11. Nxe4 Nd7 12. Nc3 Nf6 13. Be3 Ng4 14. Bf4 Bg5
15. h3 Nf6 16. Bxg5 hxg5 17. g4 Bg6 18. Re1 Re8 19. Qd2 Qb6 20. Na4 Qa6 21. b3
Rad8 22. Rad1 Nh7 23. Nc5 Qb6 24. Qe3 f6 25. a3 Nf8 26. b4 Qc7 27. Qg3 e5 28.
d5 b6 29. Ne4 cxd5 30. cxd5 Qd7 31. Rc1 Bf7 32. d6 Rc8 33. h4 gxh4 34. Qxh4 Ng6
35. Qxf6 Qxg4 36. Qg5 Qxg5 37. Nxg5 Rxc1 38. Rxc1 Rd8 39. Rc7 Bb3 40. Be4 Nf8
41. Rxa7 Rxd6 42. a4 g6 43. a5 bxa5 44. bxa5 Bc4 45. Nf3 Nd7 46. Rc7 Be2 47.
Bb7 Bb5 48. a6 Rd1+ 49. Kh2 Ra1 50. a7 Nb6 51. Nxe5 1-0

[Event "Reykjavik Open2015"]
[Site "Harpa"]
[Date "2015.03.10"]
[Round "1.12"]
[White "L'ami, Erwin"]
[Black "Strand, Kjetil"]
[Result "1-0"]
[ECO "D10"]
[WhiteElo "2605"]
[BlackElo "2037"]
[PlyCount "51"]
[EventDate "2015.??.??"]
[TimeControl "6000+650"]
[WhiteClock "1:10:10"]
[BlackClock "0:30:48"]

1. d4 d5 2. c4 c6 3. Nc3 dxc4 4. e3 b5 5. a4 b4 6. Ne4 e6 7. Bxc4 Nf6 8. Nxf6+
Qxf6 9. Nf3 Nd7 10. O-O Bb7 11. e4 Qd8 12. a5 Rc8 13. Ng5 Bd6 14. e5 Bxe5 15.
dxe5 Nxe5 16. Qh5 g6 17. Qh6 Nxc4 18. Qg7 Rf8 19. Nxh7 Qe7 20. Bh6 f6 21. Qxe7+
Kxe7 22. Nxf8 Ne5 23. Rfd1 g5 24. h4 c5 25. hxg5 fxg5 26. Bg7 1-0

[Event "Reykjavik Open2015"]
[Site "Harpa"]
[Date "2015.03.10"]
[Round "1.13"]
[White "Lunn, Matthew"]
[Black "Grandelius, Nils"]
[Result "0-1"]
[ECO "E32"]
[WhiteElo "2034"]
[BlackElo "2603"]
[PlyCount "45"]
[EventDate "2015.??.??"]
[TimeControl "6000+1090"]
[WhiteClock "0:01:11"]
[BlackClock "0:59:59"]

1. d4 Nf6 2. c4 e6 3. Nc3 Bb4 4. Qc2 b6 5. e4 c5 6. dxc5 Bb7 7. Bd3 Na6 8. cxb6
Nc5 9. f3 d5 10. cxd5 O-O 11. Nge2 exd5 12. O-O d4 13. Nb5 Qxb6 14. a3 Nxd3 15.
Qxd3 Ba6 16. a4 Nd7 17. Kh1 Ne5 18. Qxd4 Bxb5 19. axb5 Qxb5 20. Bf4 Nd3 21. Qd5
Qxd5 22. exd5 Rfe8 23. Rad1 0-1

[Event "Reykjavik Open2015"]
[Site "Harpa"]
[Date "2015.03.10"]
[Round "1.14"]
[White "Fier, Alexandr"]
[Black "Thiry, Jean-Christophe"]
[Result "1-0"]
[ECO "D00"]
[WhiteElo "2601"]
[BlackElo "2031"]
[PlyCount "55"]
[EventDate "2015.??.??"]
[TimeControl "6000+1525"]
[WhiteClock "1:27:28"]
[BlackClock "0:04:35"]

1. d4 d5 2. Bg5 Nd7 3. c4 c6 4. Nc3 Ngf6 5. cxd5 cxd5 6. e3 e6 7. Bd3 Be7 8. f4
h6 9. Bh4 Ne4 10. Bxe7 Nxc3 11. Qg4 Kxe7 12. bxc3 Nf6 13. Qf3 Qa5 14. Ne2 b6
15. O-O Ba6 16. Bxa6 Qxa6 17. f5 Rhf8 18. Nf4 exf5 19. Nxd5+ Nxd5 20. Qxd5 Qd3
21. Rxf5 f6 22. Qb7+ Ke6 23. Raf1 Rad8 24. e4 Rd7 25. Qc6+ Rd6 26. d5+ Ke7 27.
Qc7+ Rd7 28. Re5+ {Ke8} 1-0

[Event "Reykjavik Open2015"]
[Site "Harpa"]
[Date "2015.03.10"]
[Round "1.15"]
[White "Cabello Aguilar, Enrique"]
[Black "Cornette, Matthieu"]
[Result "0-1"]
[ECO "D71"]
[WhiteElo "2015"]
[BlackElo "2585"]
[PlyCount "58"]
[EventDate "2015.??.??"]
[TimeControl "6000+795"]
[WhiteClock "0:26:42"]
[BlackClock "0:28:37"]

1. d4 Nf6 2. c4 g6 3. g3 c5 4. d5 b5 5. cxb5 a6 6. bxa6 d6 7. Nc3 Bg7 8. Bg2
Nbd7 9. Nf3 Nb6 10. O-O O-O 11. Nh4 Bxa6 12. Rb1 Ra7 13. Qc2 Bc4 14. Rd1 Bxa2
15. Nxa2 Rxa2 16. Qb3 Ra6 17. Qb5 Qa8 18. b4 Na4 19. Rb3 Rb8 20. Qc4 cxb4 21.
Rxb4 Rc8 22. Qd3 Nc3 23. Re1 Nd7 24. e4 Ra1 25. Rc4 Nc5 26. Qf1 Qa2 27. Bf3 Rb8
28. Ng2 Rbb1 29. Ne3 h5 0-1

[Event "Reykjavik Open2015"]
[Site "Harpa"]
[Date "2015.03.10"]
[Round "1.17"]
[White "Thorhallsson, Simon"]
[Black "Hansen, Eric"]
[Result "0-1"]
[ECO "D98"]
[WhiteElo "2009"]
[BlackElo "2566"]
[PlyCount "54"]
[EventDate "2015.??.??"]
[TimeControl "6000+1050"]
[WhiteClock "0:11:57"]
[BlackClock "0:38:50"]

1. d4 Nf6 2. c4 g6 3. Nc3 d5 4. Nf3 Bg7 5. Qb3 dxc4 6. Qxc4 O-O 7. e4 Bg4 8.
Be3 Nfd7 9. O-O-O Nb6 10. Qc5 e5 11. dxe5 N8d7 12. Qa5 Qe8 13. Be2 Bxf3 14.
gxf3 Nxe5 15. Bc5 Nc6 16. Qa3 Qe5 17. Be3 Rfd8 18. f4 Qe6 19. e5 Nc4 20. Bxc4
Qxc4 21. Qc5 Qe6 22. h4 a6 23. h5 Bf8 24. f5 gxf5 25. Rdg1+ Kh8 26. Bg5 Bxc5
27. Bf6+ Qxf6 0-1

[Event "Reykjavik Open2015"]
[Site "Harpa"]
[Date "2015.03.10"]
[Round "1.18"]
[White "Maze, Sebastien"]
[Black "Murray, Michael A"]
[Result "1-0"]
[ECO "A10"]
[WhiteElo "2564"]
[BlackElo "2008"]
[PlyCount "61"]
[EventDate "2015.??.??"]
[TimeControl "6000+1075"]
[WhiteClock "1:25:56"]
[BlackClock "0:27:24"]

1. c4 Nc6 2. Nc3 e5 3. g3 d6 4. Bg2 g6 5. Rb1 Bg7 6. b4 f5 7. b5 Nd4 8. d3 Nf6
9. Nf3 Ne6 10. Ng5 Nxg5 11. Bxg5 h6 12. Bxf6 Qxf6 13. Qa4 O-O 14. Nd5 Qd8 15.
b6 c6 16. Nc7 Rb8 17. bxa7 Qxc7 18. axb8=Q Qxb8 19. Bxc6 Qc7 20. Bd5+ Kh8 21.
O-O f4 22. Qb4 Bh3 23. Qxb7 Qc5 24. Qb6 Qxb6 25. Rxb6 Bxf1 26. Kxf1 fxg3 27.
hxg3 e4 28. Rxd6 exd3 29. exd3 Bd4 30. f4 g5 31. Be4 1-0

[Event "Reykjavik Open2015"]
[Site "Harpa"]
[Date "2015.03.10"]
[Round "1.19"]
[White "Edvardsen, Ragnar"]
[Black "Stefansson, Hannes"]
[Result "0-1"]
[ECO "B49"]
[WhiteElo "2001"]
[BlackElo "2560"]
[PlyCount "60"]
[EventDate "2015.??.??"]
[TimeControl "6000+730"]
[WhiteClock "0:00:36"]
[BlackClock "1:00:05"]

1. e4 c5 2. Nf3 e6 3. d4 cxd4 4. Nxd4 Nc6 5. Nc3 Qc7 6. Be3 a6 7. Be2 Nf6 8.
O-O Be7 9. Qd2 b5 10. a3 Bb7 11. Nb3 Ne5 12. f3 O-O 13. Rfd1 d5 14. exd5 Nxd5
15. Nxd5 Bxd5 16. Nd4 Bd6 17. f4 Ng6 18. g3 Bc5 19. Bd3 e5 20. Nb3 Bxe3+ 21.
Qxe3 Bxb3 22. cxb3 exf4 23. gxf4 Rae8 24. Qg3 Nxf4 25. Rac1 Qb6+ 26. Kf1 Qh6
27. Re1 Nxd3 28. Qxd3 Qxh2 29. Qf3 Re6 30. Rc6 Rg6 0-1

[Event "Reykjavik Open2015"]
[Site "Harpa"]
[Date "2015.03.10"]
[Round "1.20"]
[White "Gretarsson, Hjorvar Steinn"]
[Black "Hansen, Lars-Henrik Bech"]
[Result "1-0"]
[ECO "A16"]
[WhiteElo "2554"]
[BlackElo "1994"]
[PlyCount "59"]
[EventDate "2015.??.??"]
[TimeControl "6000+485"]
[WhiteClock "0:30:15"]
[BlackClock "0:18:48"]

1. c4 Nf6 2. Nc3 g6 3. e4 d6 4. g3 Bg7 5. Bg2 O-O 6. Nge2 e5 7. O-O Nc6 8. d3
Nh5 9. Be3 f5 10. exf5 gxf5 11. f4 Nf6 12. Kh1 Ng4 13. Bg1 Rf6 14. Nd5 Rh6 15.
Qd2 exf4 16. Ndxf4 Bd7 17. d4 Qg5 18. Bf3 Re8 19. Rae1 Nd8 20. Qd3 c6 21. Kg2
Ne6 22. h3 Nf6 23. Be3 Nxf4+ 24. Bxf4 Qg6 25. Bxh6 Bxh6 26. Nc3 Rxe1 27. Rxe1
Nh5 28. Bxh5 Qxh5 29. Re7 Bc8 30. Qe2 1-0

[Event "Reykjavik Open2015"]
[Site "Harpa"]
[Date "2015.03.10"]
[Round "1.21"]
[White "Carlsen, Henrik"]
[Black "Le Roux, Jean-Pierre"]
[Result "0-1"]
[ECO "E21"]
[WhiteElo "1986"]
[BlackElo "2548"]
[PlyCount "58"]
[EventDate "2015.??.??"]
[TimeControl "6000+825"]
[WhiteClock "0:05:39"]
[BlackClock "0:06:23"]

1. d4 Nf6 2. c4 e6 3. Nf3 b6 4. Nc3 Bb7 5. Qc2 Bb4 6. a3 Bxc3+ 7. Qxc3 d6 8.
Bg5 h6 9. Bh4 Nbd7 10. e3 Qe7 11. Nd2 c5 12. f3 Rc8 13. b4 d5 14. bxc5 bxc5 15.
Be2 Ne4 16. fxe4 Qxh4+ 17. g3 Qe7 18. cxd5 exd5 19. Qb3 Ba8 20. e5 Rb8 21. Qc3
Nxe5 22. Qxc5 Qxc5 23. dxc5 d4 24. e4 Ke7 25. O-O Rhc8 26. Rfc1 Rb2 27. Ba6 Rc6
28. Nc4 Nf3+ 29. Kh1 Ne5 0-1

[Event "Reykjavik Open2015"]
[Site "Harpa"]
[Date "2015.03.10"]
[Round "1.22"]
[White "Stopa, Jacek"]
[Black "Vigdal, Per Kr"]
[Result "1-0"]
[ECO "D37"]
[WhiteElo "2544"]
[BlackElo "1985"]
[PlyCount "81"]
[EventDate "2015.??.??"]
[TimeControl "6000+450"]
[WhiteClock "0:59:13"]
[BlackClock "0:44:59"]

1. d4 Nf6 2. c4 e6 3. Nf3 d5 4. Nc3 Nbd7 5. Bf4 c6 6. e3 Be7 7. h3 O-O 8. Qc2
Re8 9. Bd3 Nf8 10. O-O Ng6 11. Bh2 Bd6 12. Ne5 Bxe5 13. dxe5 Nd7 14. f4 dxc4
15. Bxc4 Nb6 16. Bb3 Nd5 17. Nd1 Qb6 18. Qe2 Bd7 19. Kh1 a5 20. e4 a4 21. Bc4
Nb4 22. a3 Na6 23. Nc3 Qc7 24. Rad1 Nc5 25. Bg1 Nb3 26. Bxb3 axb3 27. Qc4 f6
28. exf6 gxf6 29. Nb5 Qd8 30. Nd6 Re7 31. Nxb7 Qc7 32. Nc5 Bc8 33. Qxb3 Rb8 34.
Qc3 Kf7 35. Bd4 e5 36. fxe5 Nxe5 37. Rf2 h5 38. Rdf1 f5 39. Rxf5+ Bxf5 40.
Rxf5+ Kg6 41. Bxe5 1-0

[Event "Reykjavik Open2015"]
[Site "Harpa"]
[Date "2015.03.10"]
[Round "1.26"]
[White "Runarsson, Gunnar"]
[Black "Melkumyan, Hrant"]
[Result "0-1"]
[ECO "B06"]
[WhiteElo "2049"]
[BlackElo "2676"]
[PlyCount "132"]
[EventDate "2015.??.??"]
[TimeControl "6000+900"]
[WhiteClock "0:11:21"]
[BlackClock "1:21:20"]

1. e4 g6 2. d4 Bg7 3. Nf3 d6 4. Bd3 e5 5. Bg5 Ne7 6. c3 O-O 7. Qb3 exd4 8. cxd4
Be6 9. Qxb7 Nbc6 10. Qxc6 Nxc6 11. Bxd8 Rfxd8 12. Nc3 Nxd4 13. Ng5 Rab8 14.
Nxe6 fxe6 15. Rb1 Nc6 16. O-O Nb4 17. Bc4 d5 18. Bb3 c6 19. Rfd1 Kf7 20. f3 Na6
21. Na4 Ke7 22. Rbc1 Kd6 23. Kf1 Rb4 24. exd5 exd5 25. Nc3 Rd4 26. Rxd4 Bxd4
27. Rd1 Bg7 28. Nxd5 cxd5 29. Rxd5+ Kc7 30. Rxd8 Kxd8 31. Bg8 h6 32. Bh7 g5 33.
b3 Ke7 34. g3 Kd6 35. f4 gxf4 36. gxf4 Nb4 37. Ke2 Nxa2 38. Kd3 Nb4+ 39. Ke4
Bb2 40. Bg8 Bc1 41. f5 Bb2 42. h3 a5 43. Bc4 Ke7 44. Bb5 Kf6 45. h4 Bc3 46. Be8
Be1 47. h5 Bc3 48. Bb5 Kg5 49. Be8 Bf6 50. Bg6 Nc6 51. Bf7 Ne7 52. Be6 Kxh5 53.
Kd3 Kg5 54. Kc4 Nxf5 55. b4 a4 56. b5 a3 57. Kb4 Be7+ 58. Kc3 h5 59. b6 h4 60.
b7 Bd6 61. Bd5 h3 62. Kb3 Nd4+ 63. Ka2 Nb5 64. Bh1 h2 65. Bc6 Kf4 66. Kb3 Ke5
0-1

[Event "Reykjavik Open2015"]
[Site "Harpa"]
[Date "2015.03.10"]
[Round "1.27"]
[White "Movsesian, Sergei"]
[Black "Prieto, Alberto"]
[Result "1-0"]
[ECO "C61"]
[WhiteElo "2665"]
[BlackElo "2045"]
[PlyCount "55"]
[EventDate "2015.??.??"]
[TimeControl "6000+1065"]
[WhiteClock "0:55:23"]
[BlackClock "0:11:38"]

1. e4 e5 2. Nf3 Nc6 3. Bb5 Nd4 4. Nxd4 exd4 5. Bc4 h5 6. d3 c6 7. O-O a5 8. a4
d6 9. c3 dxc3 10. Qb3 Qe7 11. bxc3 Be6 12. Nd2 Rh6 13. f4 b5 14. Bxe6 Qxe6 15.
axb5 Qxb3 16. Nxb3 a4 17. f5 d5 18. Bxh6 gxh6 19. bxc6 dxe4 20. f6 exd3 21. Nd4
Kd8 22. Rf5 Kc7 23. Kf2 a3 24. Ke3 Rb8 25. Kxd3 Rb2 26. Nb5+ Kxc6 27. Nxa3 Rxg2
28. Nc4 {Kd5 Ke4+} 1-0